 Dungeon Crawl Stone Soup version 0.30-a0-1016-gfb0d676c02 (webtiles) character file.

Game seed: 3130729947796220874

416 jasper the Chopper (level 6, 0/56 HPs)
             Began as a Hill Orc Fighter on Apr 6, 2023.
             Was an Initiate of Hepliaklqana.
             Slain by a wight
             ... wielding a +5 battleaxe of freezing
              (2 damage)
             ... on level 6 of the Dungeon.
             The game lasted 00:03:32 (2846 turns).

jasper the Chopper (Hill Orc Fighter)               Turns: 2846, Time: 00:03:33

Health: 0/56       AC:  7    Str: 19    XL:     6   Next: 92%
Magic:  6/6        EV:  9    Int:  8    God:    Hepliaklqana [......]
Gold:   210        SH:  5    Dex: 12    Spells: 5/5 levels left

rFire   . . .      SeeInvis .    a - +1 war axe
rCold   . . .      Faith    .    c - +0 buckler
rNeg    . . .      Spirit   .    b - +0 scale mail
rPois   .          Reflect  .    (no helmet)
rElec   .          Rampage  .    (no cloak)
rCorr   .                        (no gloves)
Will    .....                    (no boots) Stlth
                                 (no amulet)
HPRegen 0.29/turn                (no ring)
MPRegen 0.10/turn                (no ring)

@: mighty
A: no striking features
a: Renounce Religion


You were on level 6 of the Dungeon.
You worshipped Hepliaklqana.
Hepliaklqana was noncommittal.
You visited 1 branch of the dungeon, and saw 5 of its levels.

You collected 210 gold pieces.

Inventory:

Hand Weapons
 a - a +1 war axe (weapon)
Missiles
 j - 2 throwing nets (quivered)
Armour
 b - a +0 scale mail (worn)
 c - a +0 buckler (worn)
Jewellery
 l - a ring of protection from fire
Wands
 k - a wand of flame (18)
Scrolls
 i - a scroll of blinking
 o - a scroll of noise {unknown}
 p - a scroll of vulnerability {unknown}
Potions
 e - a potion of lignification {unknown}
 f - 2 potions of curing {unknown}
 g - a potion of heal wounds {unknown}
 h - a potion of mutation {unknown}
 m - a potion of haste {unknown}
 n - 3 potions of degeneration {unknown}


   Skills:
 + Level 5.2 Fighting
 * Level 6.2 Axes
 + Level 4.6 Armour
 + Level 4.7 Shields


You had 5 spell levels left.
You didn't know any spells.
Your spell library contained the following spells:

 Spells                   Type           Power      Damage    Failure   Level
 Kiss of Death            Conj/Necr      0%         2d5       85%         1
 Confusing Touch          Hex            0%         N/A       99%         3
 Dispel Undead            Necr           0%         3d6       100%        4


Dungeon Overview and Level Annotations

Branches:
Dungeon (6/15)
 Temple: D:4-7

Altars:
Hepliaklqana
Makhleb
Ru
Sif Muna
Vehumet
The Shining One


Message History

The hound is severely wounded.
The hound barely misses you. The hound closely misses you.
You hit the hound.
The hound is severely wounded.
The hound bites you but does no damage. The hound bites you.
You take 5 damage, and have 49/56 hp.
You slash the hound!
You kill the hound!
You see here a hound corpse.
HP restored.
You pick up a book of Touch and begin reading...
You add the spells Kiss of Death, Confusing Touch and Dispel Undead to your library.
Health restored: 56 A wight comes into view.
It is wielding a +5 battleaxe of freezing.
A wight is nearby!
A wight is nearby!
A wight comes into view. It is wielding a +0 battleaxe.
A wight comes into view. It is wielding a +6 battleaxe.
The wight hits you with a +5 battleaxe of freezing!
The wight freezes you.
You take 13 damage, and have 43/56 hp.
MASSIVE DAMAGE!!
The wight barely misses you.
The wight hits you with a +5 battleaxe of freezing!
The wight freezes you.
You take 17 damage, and have 26/56 hp.
MASSIVE DAMAGE!!
Okay, then.
You feel very mighty all of a sudden. The wight closely misses you.
The wight hits you with a +5 battleaxe of freezing!
* * * LOW HITPOINT WARNING * * *
The wight freezes you.
* * * LOW HITPOINT WARNING * * *
You take 13 damage, and have 13/56 hp.
MASSIVE DAMAGE!!
You hit the wight.
The wight is lightly damaged.
You closely miss the wight.
The wight hits you with a +5 battleaxe of freezing!
* * * LOW HITPOINT WARNING * * *
The wight freezes you.
You die...

#........#
##......#
##....## ##....#
#.....#
#######.....#
............##
.............#
#####z@z##......
##.#####.... .z#
##... .... ...
..... .. ####...
#... #....


You could see 3 wights.

Vanquished Creatures
  A scorpion (D:5)
  4 hounds
  3 iguanas (D:5)
  A sleepcap (D:4)
  An orc wizard (D:5)
  4 adders
  A shadow imp (D:5)
  2 worms
  7 orcs
  8 bats
  5 endoplasms
  3 giant cockroaches (D:1)
  6 goblins
  3 hobgoblins (D:4)
  A jackal (D:5)
  2 quokkas (D:1)
  6 ball pythons
  2 frilled lizards
  4 kobolds
  5 rats
69 creatures vanquished.

Notes
Turn   | Place    | Note
-------+----------+-------------------------------------------
     0 | D:1      | jasper the Hill Orc Fighter began the quest for the Orb.
     0 | D:1      | Reached XP level 1. HP: 19/19 MP: 1/1
    55 | D:1      | Reached skill level 3 in Axes
    77 | D:1      | Reached XP level 2. HP: 27/27 MP: 2/2
   525 | D:1      | Reached XP level 3. HP: 29/33 MP: 3/3
  1118 | D:2      | Reached skill level 4 in Axes
  1185 | D:2      | Reached XP level 4. HP: 40/40 MP: 4/4
  1228 | D:2      | You fall into a shaft and drop 2 floors!
  1309 | D:4      | Found a radiant altar of Vehumet.
  1460 | D:4      | Found a shimmering blue altar of Sif Muna.
  1765 | D:5      | Entered Level 5 of the Dungeon
  1792 | D:5      | Reached XP level 5. HP: 43/47 MP: 5/5
  1842 | D:5      | Found a sacrificial altar of Ru.
  1930 | D:5      | Reached skill level 5 in Axes
  2175 | D:5      | Found a glowing golden altar of the Shining One.
  2176 | D:5      | Found a hazy altar of Hepliaklqana.
  2191 | D:5      | Reached XP level 6. HP: 55/55 MP: 6/6
  2373 | D:5      | Reached skill level 5 in Fighting
  2428 | D:5      | Became a worshipper of Hepliaklqana the Forgotten
  2455 | D:5      | Reached skill level 6 in Axes
  2651 | D:5      | Found a burning altar of Makhleb.
  2846 | D:6      | HP: 2/56 [wight/+5 battleaxe of freezing (11)]
  2846 | D:6      | Slain by a wight

Illustrated notes

Levels and vault maps discovered:
D:1:      grunt_arrival_lava_bath, layout_loops_corners,
          hangedman_decor_growths, minmay_pentomino_w2
D:2:      layout_basic, uniq_terence
D:4:      layout_basic, vehumet_altar_wand_db, mainiacjoe_overflow_alcove_2
D:5:      layout_basic, nicolae_ru_the_path_less_chosen,
          nicolae_overflow_hidden_temple, jmf_multi_god_temple
D:6:      layout_layer_cave, mainiacjoe_overflow_catwalk, temple_fountains,
          minmay_pentangle, uniq_grinder

Skill      XL: |  1  2  3  4  5  6 |
---------------+-------------------+-----
Axes           | 3 4 5 6 |  6.2
Fighting       | 4 5 |  5.2
Armour         | 4 |  4.6
Shields        | 4 |  4.7

Action                     |  1- 3 |  4- 6 || total
---------------------------+-------+-------++-------
  Melee: War axe           |   104 |    86 ||   190
    Use: Scroll            |     4 |       ||     4
         Potion            |       |     1 ||     1
 Armour: Scale mail        |    77 |    50 ||   127
  Dodge: Dodged            |    71 |    51 ||   122
  Block: Buckler           |    40 |    22 ||    62

Table legend: (Time is in decaauts)
 A = Elapsed time spent in this place.
 B = Non-inter-level travel time spent in this place.
 C = Inter-level travel time spent in this place.
 D = Time resting spent in this place.
 E = Time spent auto-exploring this place.
 F = Levels seen in this place.
 G = Mean time per level.
                   A        B        C        D        E       F      G
               +--------+--------+--------+--------+--------+-----+--------+
         Total |   2913 |   2759 |    154 |      0 |   2157 |   5 |  582.6 |
       Dungeon |   2913 |   2759 |    154 |      0 |   2157 |   5 |  582.6 |
               +--------+--------+--------+--------+--------+-----+--------+

Top non-repeatable levels by time:
     D:5: 1040 daAuts
     D:1: 983 daAuts
     D:4: 543 daAuts
     D:2: 288 daAuts
     D:6: 56 daAuts
